 Dungeon Crawl Stone Soup version 0.28.0-53-g5a82cb258f (webtiles) character file.

Game seed: 15756562150003243234

6 quokkamancerX the Shield-Bearer (level 1, -1/18 HPs)
             Began as a Demigod Fighter on July 11, 2022.
             Slain by a kobold
             ... wielding a +0 short sword
              (5 damage)
             ... on level 1 of the Dungeon.
             The game lasted 00:01:05 (376 turns).

quokkamancerX the Shield-Bearer (Demigod Fighter)    Turns: 376, Time: 00:01:06

Health: -1/18      AC:  6    Str: 17    XL:     1   Next: 60%
Magic:  3/3        EV:  8    Int: 10    God:
Gold:   36         SH:  4    Dex: 13    Spells: 0/0 levels left

rFire   . . .      SeeInvis .     - Unarmed
rCold   . . .      Faith    .   b - +0 buckler
rNeg    . . .      Spirit   .   a - +0 scale mail
rPois   .          Reflect  .   (no helmet)
rElec   .          Harm     .   (no cloak)
rCorr   .          Rampage  .   (no gloves)
Will    .....                   (no boots)
Stlth   ..........              (no amulet)
HPRegen 0.06/turn               (no ring)
MPRegen 0.08/turn               (no ring)

@: no status effects
A: high MP 1, forlorn, divine attributes
a: no special abilities


You were on level 1 of the Dungeon.
You visited 1 branch of the dungeon, and saw 1 of its levels.

You collected 36 gold pieces.

Inventory:

Armour
 a - a +0 scale mail (worn)
 b - a +0 buckler (worn)
Scrolls
 e - a scroll of identify {unknown}
Potions
 c - a potion of might
 d - a potion of berserk rage {unknown}


   Skills:
 - Level 2.6 Fighting
 - Level 2.6 Armour
 - Level 2.6 Shields
 + Level 2.3 Unarmed Combat


You couldn't memorise any spells.
You didn't know any spells.
Your spell library was empty.

Dungeon Overview and Level Annotations

Branches:
Dungeon (1/15)


Innate Abilities, Weirdness & Mutations

You have an increased reservoir of magic. (+10% MP)
You shall have no god before yourself.
Your divine heritage dramatically boosts your attributes as you level up.


Message History

You hit the hobgoblin.
The hobgoblin is severely wounded.
The hobgoblin hits you but does no damage.
You hit the hobgoblin but do no damage.
The hobgoblin is severely wounded.
You block the hobgoblin's attack.
You hit the hobgoblin but do no damage.
The hobgoblin is severely wounded.
The hobgoblin hits you.
You closely miss the hobgoblin.
The hobgoblin is severely wounded.
The hobgoblin hits you.
You hit the hobgoblin but do no damage.
The hobgoblin is severely wounded.
The hobgoblin hits you but does no damage.
You barely miss the hobgoblin.
The hobgoblin is severely wounded.
The hobgoblin closely misses you.
You hit the hobgoblin.
You kill the hobgoblin!
You now have 36 gold pieces (gained 2).
e - a scroll labelled COODOG PYSOUR A kobold comes into view.
It is wielding a +0 short sword.
You start resting.
HP restored.
Found a faded altar of an unknown god.
The kobold unwields a +0 short sword.
The kobold wields a +0 hunting sling.
The kobold shoots a stone.
The stone closely misses you.
The kobold shoots a stone.
The stone hits you.
The kobold unwields a +0 hunting sling.
The kobold wields a +0 short sword.
The kobold hits you with a +0 short sword.
You closely miss the kobold. The kobold hits you but does no damage.
You closely miss the kobold.
The kobold hits you with a +0 short sword.
You barely miss the kobold.
The kobold hits you with a +0 short sword.
* * * LOW HITPOINT WARNING * * *
You closely miss the kobold.
The kobold hits you with a +0 short sword.
You die...

....... ......#.#
............ ##.#...#..
...........# ......_....
≈≈≈≈≈≈≈≈#..##........#.#
≈≈g≈≈≈≈≈≈..#...#.......#.
≈≈r≈≈≈≈≈≈≈.#..##K........
≈≈≈≈≈≈≈8≈≈≈.....@...##...
≈≈≈≈≈≈≈≈≈≈≈.#.#..#.......
≈≈≈≈...≈≈≈≈.#............
≈≈≈.≈≈≈.≈≈.............#
≈≈<.≈≈≈≈).≈.#####.#######
≈≈.>≈≈≈≈≈≈≈.# #.## ...
≈≈.≈≈≈≈≈≈≈≈.# #..##.###
..≈≈≈≈≈≈≈≈≈.# #..#.....
≈≈≈≈≈≈≈≈≈≈≈.# #........


You could see a kobold.

Vanquished Creatures
  3 hobgoblins (D:1)
  A kobold (D:1)
  A ball python (D:1)
5 creatures vanquished.

Notes
Turn   | Place    | Note
-------+----------+-------------------------------------------
     0 | D:1      | quokkamancerX the Demigod Fighter began the quest for the
                  | Orb.
     0 | D:1      | Reached XP level 1. HP: 18/18 MP: 3/3
   376 | D:1      | Slain by a kobold

Illustrated notes

Levels and vault maps discovered:
D:1:      nzn_arrival_water_spiral, layout_rooms,
          hellmonk_ecumenical_altar_blasted

Skill      XL: |  1 |
---------------+----+-----
Unarmed Combat | 2 |  2.3
Fighting       | |  2.6
Armour         | |  2.6
Shields        | |  2.6

Action                   || total
-------------------------++-------
Melee: Unarmed           ||    31
Armor: Scale mail        ||     5
Dodge: Dodged            ||     8
Block: Buckler           ||     5
